 Dungeon Crawl Stone Soup version 0.29.1-1-gd02db6906a (webtiles) character file.

Game seed: 12431834948565595989

25216 smilodon the Grappler (level 12, -7/118 HPs)
             Began as a Troll Fighter on Sept 14, 2022.
             Was a Plaything of Xom.
             Mangled by a two-headed ogre
             ... wielding a +0 giant club
             ... summoned by Xom
              (16 damage)
             ... on level 13 of the Dungeon on Sept 15, 2022.
             The game lasted 00:33:27 (11827 turns).

smilodon the Grappler (Troll Fighter)              Turns: 11827, Time: 00:33:29

Health: -7/118     AC: 16    Str: 35    XL:     12   Next: 87%
Magic:  11/11      EV: 11    Int:  1    God:    Xom [*.....]
Gold:   1193       SH: 20    Dex:  6    Spells: 11/11 levels left

rFire   + + +      SeeInvis +     - Unarmed
rCold   x . .      Faith    .   i - +2 tower shield
rNeg    . . .      Spirit   .   N - +0 fire dragon scales
rPois   .          Reflect  +   (helmet restricted)
rElec   .          Harm     .   L - +0 cloak
rCorr   .          Rampage  .   (gloves unavailable)
Will    .....                   (boots unavailable)
Stlth   ..........              F - amulet of reflection
HPRegen 1.09/turn               m - +4 ring of evasion
MPRegen 0.12/turn               x - ring of protection from fire

@: studying Stealth
A: large, unfitting armour, claws 3, regeneration 1, shaggy fur 2, tough skin 1,
iridescent scales 1, see invisible, clumsy 1, dopey 1, strong 1
a: Renounce Religion


You were on level 13 of the Dungeon.
You worshipped Xom.
You were a special plaything of Xom.
You visited 1 branch of the dungeon, and saw 13 of its levels.
You also visited: Sewer and Bailey.

You collected 1193 gold pieces.

Inventory:

Hand Weapons
 e - a +2 rapier of holy wrath
 q - a +1 short sword of draining
 A - a +2 whip of electrocution
Missiles
 f - 49 poisoned darts
 h - 5 javelins (quivered)
Armour
 a - a +1 robe
 b - a +0 kite shield
 i - a +2 tower shield (worn)
 p - +0 swamp dragon scales
 y - +0 steam dragon scales
 B - an orb of wrath
 K - a +2 robe of cold resistance
 L - a +0 cloak (worn)
 N - +0 fire dragon scales (worn)
 P - a +2 robe of the Archmagi
Magical Staves
 J - a staff of fire
Jewellery
 m - a +4 ring of evasion (left claw)
 o - a ring of poison resistance
 w - an amulet of guardian spirit
 x - a ring of protection from fire (right claw)
 C - a ring of resist corrosion
 E - an amulet of the acrobat
 F - an amulet of reflection (around neck)
 T - a ring of ice
 W - an amulet of faith
Wands
 l - a wand of charming (15)
 O - a wand of iceblast (6)
 X - a wand of quicksilver (2)
Scrolls
 c - 5 scrolls of teleportation
 d - a scroll of brand weapon
 j - 3 scrolls of noise
 G - 2 scrolls of magic mapping
 I - a scroll of blinking
 M - a scroll of enchant weapon
 Q - 2 scrolls of vulnerability
 R - a scroll of fear
 U - 2 scrolls of butterflies
 V - a scroll of amnesia
Potions
 g - a potion of might
 k - a potion of ambrosia
 n - 4 potions of haste
 s - a potion of mutation
 t - a potion of magic
 u - 2 potions of brilliance
 v - 5 potions of lignification
 z - 3 potions of curing
 D - a potion of cancellation
 H - a potion of invisibility
 S - a potion of berserk rage


   Skills:
 + Level 7.4 Fighting
 + Level 6.7 Armour
 + Level 7.4 Dodging
 + Level 8.2 Shields
 + Level 14.6 Unarmed Combat


You had 11 spell levels left.
You didn't know any spells.
Your spell library contained the following spells:

 Spells                   Type           Power      Damage    Failure   Level
 Freeze                   Ice            0%         1d3       100%        1
 Sandblast                Erth           0%         2d4       100%        1
 Passwall                 Tmut/Erth      0%         N/A       100%        2
 Frozen Ramparts          Ice            0%         1d1       100%        3
 Portal Projectile        Hex/Tloc       0%         N/A       100%        3
 Stone Arrow              Conj/Erth      0%         3d7       100%        3
 Tukima's Dance           Hex            0%         N/A       100%        3
 Fulminant Prism          Conj/Hex       0%         3d6       100%        4
 Hailstorm                Conj/Ice       0%         3d3       100%        4
 Blade Hands              Tmut           0%         N/A       100%        5
 Iskenderun's Battlesphe  Conj           0%         2d6       100%        5
 Summon Mana Viper        Hex/Summ       0%         N/A       100%        5
 Iron Shot                Conj/Erth      0%         9d1       100%        6
 Spellforged Servitor     Conj/Summ      0%         N/A       100%        7
 Discord                  Hex            0%         N/A       100%        8


Dungeon Overview and Level Annotations

Branches:
Dungeon (13/15)            Temple (0/1) D:7            Lair (0/5) D:11
    Orc (0/2) D:12          Sewer (visited)          Bailey (visited)
 Vaults: D:13-14

Altars:
Ashenzari
Dithmenos
Fedhas
Hepliaklqana
Kikubaaqudgha
Makhleb
Nemelex Xobeh
Okawaru
Qazlal
Ru
Trog
Uskayaw
Vehumet
Wu Jian
Xom

Shops:
D:2 (   D:10 *   D:13 ?

Annotations:
D:6 Eustachio


Innate Abilities, Weirdness & Mutations

You are too large for most types of armour.
You have claws for hands.
Your natural rate of healing is unusually fast.
You are covered in thick fur. (AC +2)
You have tough skin. (AC +1)
You are partially covered in iridescent scales. (AC +2)
You have supernaturally acute eyesight. (SInv)
You are clumsy. (Dex -2)
You are dopey. (Int -2)
Your muscles are strong. (Str +4, Int/Dex -1)


Message History

The slime creature is moderately wounded.
The slime creature barely misses you.
The slime creature hits you but does no damage. x2
The slime creature hits you! You block the slime creature's attack.
You mangle the slime creature!!
The slime creature is severely wounded.
The slime creature hits you! You block the slime creature's attack.
The slime creature hits you! You block the two-headed ogre's attack.
The two-headed ogre completely misses you.
The slime creature hits you.
The slime creature hits you but does no damage.
You mangle the slime creature!!
The slime creature is almost dead.
You block the slime creature's attack. The slime creature barely misses you.
You block the slime creature's attack. The slime creature barely misses you.
The slime creature hits you!
You mangle the slime creature!!
You kill the slime creature!
The slime creature disappears in a puff of smoke!
The two-headed ogre hits you with a +0 giant club!
* * * LOW HITPOINT WARNING * * *
You block the two-headed ogre's attack. The slime creature hits you!
* * * LOW HITPOINT WARNING * * *
You block the slime creature's attack. The slime creature closely misses you.
The slime creature hits you!
* * * LOW HITPOINT WARNING * * *
You barely miss the slime creature. You block the slime creature's attack.
The slime creature barely misses you. You block the slime creature's attack.
The slime creature misses you.
The two-headed ogre hits you with a +0 giant club!
* * * LOW HITPOINT WARNING * * *
The two-headed ogre closely misses you.
You feel much better. You block the slime creature's attack.
The slime creature hits you!
* * * LOW HITPOINT WARNING * * *
You block the slime creature's attack. x2
The two-headed ogre hits you with a +0 giant club.
* * * LOW HITPOINT WARNING * * *
The two-headed ogre hits you with a +0 giant spiked club!
You die...

#..............#.)....
##..############......
#############..###....# ##.....
+................#....# #.....
#................+....# #.....
###.####'######'##....######.....
###.###........^.................
......#........JJO...............
......#.........@................
......#.........JJ...............
......#..........................
.####.#..........................
.####.###.....##+#...............
....+...#.....# +...............
....#...#.....# #..............
##.##.###.....####............
.#.##.#......................


You could see 4 slime creatures and a two-headed ogre (summoned).

Vanquished Creatures
  2 boulder beetles
  A hydra (D:12)
  A two-headed ogre (D:10)
  Erica (D:11)
  2 centaur warriors
  A skeletal warrior (D:11)
  Pikel (D:6)
  A deep elf pyromancer (D:13)
  6 cyclopes
  An orc knight (Bailey)
  4 manticores
  An elephant (shapeshifter) (D:11)
  A water nymph (D:12)
  A komodo dragon (D:11)
  Maggie (D:6)
  3 gargoyles
  3 unseen horrors
  Psyche (D:8)
  7 trolls
  Grinder (D:5)
  3 slime creatures (D:13)
  3 shadows
  A water elemental (D:11)
  A spriggan (shapeshifter) (D:12)
  3 wyverns
  4 yaks (D:11)
  A vampire (D:11)
  5 wraiths
  2 basilisks (D:11)
  4 steam dragons
  Menkaure (D:6)
  Edmund (D:5)
  4 water moccasins
  Duvessa (D:7)
  4 acid dragons
  5 orc warriors
  A sky beast (D:7)
  An ice beast (D:7)
  2 black bears (D:11)
  2 wolves (D:11)
  10 centaurs
  4 lemures (D:6)
  A phantom (D:5)
  5 kobold brigands
  2 bullfrogs
  3 scorpions
  A gnoll sergeant (D:12)
  Dowan (D:7)
  14 wights
  A killer bee (D:10)
  6 electric eels
  4 howler monkeys
  2 jellies
  6 orc priests
  Crazy Yiuf (D:7)
  A hound (D:7)
  2 iguanas
  6 orc wizards
  Ijyb (D:5)
  12 adders
  5 gnolls
  A river rat (D:6)
  A shadow imp (D:7)
  2 white imps
  2 ufetubi
  2 worms
  4 dart slugs
  33 orcs
  7 endoplasms
  An endoplasm (shapeshifter) (D:11)
  8 giant cockroaches
  9 goblins
  8 hobgoblins
  3 jackals (D:3)
  43 kobolds
  5 quokkas
  8 ball pythons
  7 bats
  8 frilled lizards
  10 rats
339 creatures vanquished.

Vanquished Creatures (collateral kills)
  An orc warlord (Bailey)
  A gnoll (D:5)
  An orc (D:5)
  A goblin (Bailey)
4 creatures vanquished.

Vanquished Creatures (others)
  A manticore (D:12)
  A fungus (D:11)
  36 plants
38 creatures vanquished.

Grand Total: 381 creatures vanquished

Notes
Turn   | Place    | Note
-------+----------+-------------------------------------------
     0 | D:1      | smilodon the Troll Fighter began the quest for the Orb.
     0 | D:1      | Reached XP level 1. HP: 22/22 MP: 0/0
     0 | D:1      | Upgraded the game from 0.29.1 to 0.29.1-1-gd02db6906a
    55 | D:1      | Found a faded altar of an unknown god.
   152 | D:1      | Reached XP level 2. HP: 26/29 MP: 1/1
   747 | D:1      | Reached XP level 3. HP: 36/36 MP: 2/2
  1169 | D:2      | Found Tovotz's Weapon Shoppe.
  1686 | D:2      | Reached skill level 3 in Unarmed Combat
  1825 | D:3      | Reached XP level 4. HP: 42/44 MP: 3/3
  2386 | D:3      | Reached skill level 4 in Unarmed Combat
  2477 | D:4      | Reached XP level 5. HP: 47/52 MP: 4/4
  2573 | D:4      | Found a radiant altar of Vehumet.
  3013 | D:4      | Found a stormy altar of Qazlal.
  3017 | D:4      | Found a shimmering altar of Xom.
  3020 | D:4      | Found a bloodstained altar of Trog.
  3030 | D:4      | Became a worshipper of Xom of Enforced Whimsey
  3072 | D:5      | Entered Level 5 of the Dungeon
  3080 | D:5      | Noticed a phantom
  3083 | D:5      | XOM: potion effect (berserk rage)
  3087 | D:5      | Noticed a centaur
  3087 | D:5      | Killed a phantom
  3088 | D:5      | Reached skill level 5 in Unarmed Combat
  3088 | D:5      | XOM: smoke on damage
  3091 | D:5      | XOM: confusion
  3097 | D:5      | Killed a centaur
  3098 | D:5      | Reached skill level 6 in Unarmed Combat
  3098 | D:5      | Reached XP level 6. HP: 18/59 MP: 5/5
  3239 | D:5      | XOM: enchant monster (good)
  3249 | D:5      | Reached skill level 7 in Unarmed Combat
  3249 | D:5      | Reached XP level 7. HP: 42/66 MP: 6/6
  3292 | D:5      | XOM: polymorph gnoll -> orc
  3304 | D:5      | XOM: god gift: brightly glowing scale mail {god gift}
  3304 | D:5      | Identified the +1 scale mail "Weask" {Will+ Dex+7} (Xom
                  | gifted it to you on level 5 of the Dungeon)
  3325 | D:5      | Noticed Edmund
  3326 | D:5      | Noticed Grinder
  3329 | D:5      | XOM: destruction
  3337 | D:5      | Killed Edmund
  3361 | D:5      | Killed Grinder
  3362 | D:5      | Reached skill level 8 in Unarmed Combat
  3457 | D:5      | Found an ancient bone altar of Kikubaaqudgha.
  3457 | D:5      | Found a blossoming altar of Fedhas.
  3531 | D:5      | XOM: polymorph orc -> dart slug
  4047 | D:5      | Noticed Ijyb
  4053 | D:5      | Killed Ijyb
  4061 | D:5      | XOM: cast spell 'Summon Hydra'
  4131 | D:5      | XOM: scenery: create altars
  4204 | D:5      | Reached skill level 9 in Unarmed Combat
  4301 | D:6      | Reached XP level 8. HP: 74/74 MP: 7/7
  4356 | D:6      | Found a glowing drain.
  4360 | Sewer    | Entered a sewer
  4405 | Sewer    | XOM: polymorph rat -> kobold
  4463 | Sewer    | XOM: 9-stop teleportation journey
  4557 | Sewer    | XOM: divination: detect creatures
  4559 | Sewer    | XOM: enchant monster (good)
  4570 | Sewer    | XOM: divination: detect items
  4879 | D:6      | Noticed Menkaure
  4886 | D:6      | Killed Menkaure
  4887 | D:6      | Reached skill level 10 in Unarmed Combat
  4939 | D:6      | XOM: god gift: 22 gold pieces
  4951 | D:6      | XOM: silly message
  5007 | D:6      | Reached skill level 11 in Unarmed Combat
  5043 | D:6      | XOM: divination: detect creatures
  5047 | D:6      | Noticed Pikel
  5052 | D:6      | XOM: noise
  5059 | D:6      | XOM: confuse monster(s)
  5076 | D:6      | XOM: summons 8 friendly demons
  5078 | D:6      | Noticed Maggie
  5083 | D:6      | Killed Pikel
  5084 | D:6      | Reached skill level 12 in Unarmed Combat
  5084 | D:6      | Reached XP level 9. HP: 58/80 MP: 5/8
  5088 | D:6      | Killed Maggie
  5221 | D:6      | Noticed Eustachio
  5221 | D:6      | You fall into a shaft and drop 3 floors!
  5229 | D:9      | Noticed a troll
  5240 | D:9      | Killed a troll
  5269 | D:9      | Reached skill level 1 in Armour
  5450 | D:7      | Found a flagged portal.
  5454 | D:7      | Noticed Duvessa
  5457 | D:7      | Noticed Dowan
  5465 | D:7      | Killed Duvessa
  5470 | D:7      | Killed Dowan
  5474 | Bailey   | Entered a bailey
  5482 | Bailey   | Noticed an orc warlord
  5523 | Bailey   | Noticed an orc knight
  5534 | Bailey   | XOM: divination: detect creatures
  5540 | Bailey   | XOM: noise
  5544 | Bailey   | Killed an orc knight
  5553 | Bailey   | Reached XP level 10. HP: 85/92 MP: 9/9
  5578 | Bailey   | Found a runed translucent gate.
  5580 | Bailey   | Found a runed translucent gate.
  5582 | Bailey   | Found a runed translucent gate.
  5648 | Bailey   | Killed an orc warlord
  5706 | D:7      | Got the Tome of Spellbinding
  5795 | D:7      | Found a runed translucent door.
  5796 | D:7      | Noticed Crazy Yiuf
  5981 | D:7      | Killed Crazy Yiuf
  6002 | D:7      | XOM: silly message
  6088 | D:7      | XOM: potion effect (haste)
  6118 | D:7      | XOM: 1-stop teleportation journey
  6131 | D:7      | Found an ornate altar of the Wu Jian Council.
  6461 | D:7      | Found a staircase to the Ecumenical Temple.
  6654 | D:7      | Acquired an amulet of reflection
  6684 | D:8      | Reached skill level 13 in Unarmed Combat
  6700 | D:8      | XOM: cast spell 'Olgreb's Toxic Radiance'
  6712 | D:8      | XOM: confuse monster(s)
  6716 | D:8      | XOM: potion effect (curing)
  6723 | D:8      | XOM: polymorph hornet -> something unseen
  6796 | D:8      | Reached skill level 5 in Shields
  6874 | D:8      | XOM: stat loss: -1 Str (29/30)
  6911 | D:8      | XOM: give mutation
  6911 | D:8      | Gained mutation: You are frail. (-10% HP) [Xom's mischief]
  6926 | D:8      | Found a faded altar of an unknown god.
  6926 | D:8      | Noticed Psyche
  6940 | D:8      | Killed Psyche
  6941 | D:8      | Found a faded altar of an unknown god.
  6941 | D:8      | Found a hazy altar of Hepliaklqana.
  6962 | D:8      | Lost mutation: You are frail. (-10% HP) [potion of
                  | mutation]
  6962 | D:8      | Gained mutation: You are weak. (Str -2) [potion of
                  | mutation]
  6962 | D:8      | Gained mutation: You are frail. (-10% HP) [potion of
                  | mutation]
  6995 | D:8      | Lost mutation: You are frail. (-10% HP) [potion of
                  | mutation]
  6995 | D:8      | Lost mutation: You are weak. (Str -2) [potion of mutation]
  6995 | D:8      | Gained mutation: You have a pair of small antennae on your
                  | head. [potion of mutation]
  6995 | D:8      | Gained mutation: You possess an exceptional clarity of
                  | mind. [potion of mutation]
  7107 | D:8      | XOM: chaos upgrade
  7386 | D:9      | Found a shadowy altar of Dithmenos.
  7386 | D:9      | XOM: 2-stop teleportation journey
  7411 | D:9      | Reached skill level 5 in Fighting
  7602 | D:9      | XOM: give mutations
  7602 | D:9      | Gained mutation: You have supernaturally acute eyesight.
                  | (SInv) [Xom's mischief]
  7602 | D:9      | Lost mutation: You possess an exceptional clarity of mind.
                  | [Xom's mischief]
  7602 | D:9      | Lost mutation: You have a pair of small antennae on your
                  | head. [Xom's mischief]
  7617 | D:9      | XOM: silly message
  7656 | D:9      | Found an iron altar of Okawaru.
  7686 | D:9      | Found a burning altar of Makhleb.
  7930 | D:9      | Found a broken altar of Ashenzari.
  8108 | D:9      | XOM: give mutations
  8108 | D:9      | Gained mutation: You possess an exceptional clarity of
                  | mind. [Xom's grace]
  8108 | D:9      | Gained mutation: You are partially covered in iridescent
                  | scales. (AC +2) [Xom's grace]
  8108 | D:9      | Gained mutation: Your muscles are strong. (Str +4, Int/Dex
                  | -1) [Xom's grace]
  8108 | D:9      | Gained mutation: You are covered in thick fur. (AC +2)
                  | [Xom's grace]
  8178 | D:9      | Found a sacrificial altar of Ru.
  8241 | D:10     | Entered Level 10 of the Dungeon
  8250 | D:10     | Noticed a gargoyle
  8255 | D:10     | Killed a gargoyle
  8256 | D:10     | Reached skill level 5 in Dodging
  8298 | D:10     | Noticed a two-headed ogre
  8301 | D:10     | XOM: confuse monster(s)
  8302 | D:10     | Reached XP level 11. HP: 102/102 MP: 10/10
  8316 | D:10     | Killed a two-headed ogre
  8397 | D:10     | XOM: confuse monster(s)
  8447 | D:10     | Identified the +4 spear "Leviticus" {freeze, Drain +Blink
                  | rPois rC+}
  8452 | D:10     | XOM: swap monsters
  8578 | D:10     | XOM: cleaving
  8591 | D:10     | Found Atemoire's Assorted Antiques.
  8714 | D:10     | XOM: enchant monster (bad)
  8723 | D:10     | Found a sparkling altar of Nemelex Xobeh.
  8723 | D:10     | Found a hide-covered altar of Uskayaw.
  8979 | D:11     | XOM: divination: detect creatures
  9034 | D:11     | XOM: noise
  9109 | D:11     | XOM: 1-stop teleportation journey
  9122 | D:11     | Reached skill level 5 in Armour
  9421 | D:11     | Identified the +1 scale mail of Moral Flaws {rF+ Dex+4}
  9444 | D:11     | Found a staircase to the Lair.
  9470 | D:11     | Noticed a glowing shapeshifter
  9470 | D:11     | an electric eel changed into a glowing shapeshifter
  9470 | D:11     | XOM: polymorph electric eel -> glowing shapeshifter
  9470 | D:11     | a glowing shapeshifter changed into a merfolk
  9556 | D:11     | Noticed Erica
  9564 | D:11     | Killed Erica
  9628 | D:11     | XOM: stat loss: -1 Int (2/3)
  9633 | D:11     | XOM: 4-stop teleportation journey
  9635 | D:11     | XOM: swap monsters
  9637 | D:11     | Reached skill level 14 in Unarmed Combat
  9662 | D:11     | Noticed a skeletal warrior
  9662 | D:11     | Noticed a boulder beetle
  9665 | D:11     | XOM: summons 5 hostile demons
  9666 | D:11     | Noticed a sixfirhy
  9796 | D:11     | XOM: butterfly on damage
  9797 | D:11     | XOM: draining
  9805 | D:11     | Killed a boulder beetle
  9806 | D:11     | Reached XP level 12. HP: 50/108 MP: 11/11
 10381 | D:11     | XOM: silly message
 10434 | D:11     | XOM: give mutations
 10434 | D:11     | Lost mutation: You possess an exceptional clarity of mind.
                  | [Xom's mischief]
 10434 | D:11     | Gained mutation: You are dopey. (Int -2) [Xom's mischief]
 10434 | D:11     | Gained mutation: You are clumsy. (Dex -2) [Xom's mischief]
 10587 | D:12     | Noticed a centaur warrior
 10592 | D:12     | Killed a centaur warrior
 10664 | D:12     | Found a staircase to the Orcish Mines.
 10828 | D:12     | Noticed a six-headed hydra
 10866 | D:12     | XOM: 8-stop teleportation journey
 10871 | D:12     | XOM: scenery: 1 doors open
 10872 | D:12     | Noticed a two-headed ogre
 10897 | D:12     | XOM: smoke on damage
 10899 | D:12     | a two-headed ogre changed into a water nymph
 10899 | D:12     | XOM: polymorph two-headed ogre -> water nymph
 10957 | D:12     | Noticed a boulder beetle
 10965 | D:12     | Killed a boulder beetle
 11143 | D:12     | XOM: summons 1 hostile shadow creature
 11184 | D:12     | XOM: god gift: 7 stones
 11208 | D:12     | XOM: god gift: 28 gold pieces
 11229 | D:12     | Killed a six-headed hydra
 11577 | D:13     | XOM: fake destruction
 11585 | D:12     | XOM: polymorph very large slime creature -> shapeshifter
 11625 | D:13     | Noticed a centaur warrior
 11630 | D:13     | Killed a centaur warrior
 11646 | D:13     | XOM: enchant monster (good)
 11756 | D:13     | Found Bogoec's Magic Scroll Emporium.
 11815 | D:13     | XOM: summons 3 hostile shadow creatures
 11816 | D:13     | Noticed a two-headed ogre
 11816 | D:13     | Noticed a centaur warrior
 11826 | D:13     | HP: 1/118 [two-headed ogre/+0 giant club[Xom] (17)]
 11827 | D:13     | Mangled by a two-headed ogre

Illustrated notes

Levels and vault maps discovered:
D:1:      wheals_arrival_linesprint, layout_basic,
          hellmonk_ecumenical_altar_lost_god
D:2:      layout_loops_cross, serial_shops, nicolae_shop_bloodbath_and_beyond
D:3:      layout_loops_ring
D:4:      layout_loops_ring, grunt_temple_overflow_diamond,
          nicolae_vehumet_altar_sigil, minivault_26
D:5:      layout_gridville, grunt_temple_overflow_growth_and_decay, uniq_edmund,
          uniq_grinder, uniq_ijyb
D:6:      cheibrodos_steamvent, layout_rooms, gup_sewer_entry_spiral,
          uniq_eustachio, uniq_maggie, uniq_menkaure, uniq_pikel
D:7:      layout_cave_pods, mainiacjoe_overflow_chevrons,
          lemuel_temple_firewalk_b, enter_bailey_2, serial_bayou_lagoon_a,
          uniq_crazy_yiuf_cottage, uniq_duvessa
D:8:      layout_cave_pools, nicolae_hepliaklqana_ecumenical_no_more,
          uniq_psyche
D:9:      layout_loops_ring, nicolae_dithmenos_shadow_blocks,
          amcnicky_altar_gilded, bloody_makhleb, nicolae_ashenzari_skybound,
          nicolae_ru_path_of_blood
D:10:     layout_rooms, minitemple, nicolae_two_hexagons,
          nicolae_take_the_stairs, amcnicky_mini_corridor_feature,
          serial_bayou_pond_b
D:11:     layout_basic, minmay_lair_entry_grove, minivault_25_ag,
          chequers_big_river, uniq_erica
D:12:     kennysheep_ambush_hall, layout_gridville,
          minmay_orc_entry_temple_small
D:13:     layout_gridville, serial_shops, nicolae_shop_waterfront

Skill      XL: |  1  2  3  4  5  6  7  8  9 10 11 12 |
---------------+-------------------------------------+-----
Shields        | 3 4 5 7 8 |  8.2
Unarmed Combat | 3 4 6 7 9 12 13 14 | 14.6
Fighting       | 3 5 6 7 |  7.4
Dodging        | 3 5 6 7 |  7.4
Armour         | 2 4 5 6 |  6.7

Action                   |  1- 3 |  4- 6 |  7- 9 | 10-12 || total
-------------------------+-------+-------+-------+-------++-------
Melee: Unarmed           |   100 |   141 |   286 |   498 ||  1025
       Whip              |       |       |       |     9 ||     9
Throw: Javelin           |       |       |       |     1 ||     1
Evoke: Wand              |       |       |       |    13 ||    13
  Use: Potion            |     6 |     4 |     1 |     9 ||    20
       Scroll            |     5 |     5 |     3 |    13 ||    26
 Stab: Sleeping          |       |     1 |       |       ||     1
       Petrified         |       |     6 |       |       ||     6
       Paralysed         |       |       |     1 |       ||     1
       Confused          |       |       |       |     6 ||     6
Armor: Robe              |    38 |    51 |    43 |       ||   132
       Steam dragon scal |       |       |     3 |       ||     3
       Swamp dragon scal |       |       |    18 |    37 ||    55
       Fire dragon scale |       |       |       |   127 ||   127
Dodge: Dodged            |    34 |    45 |    95 |   169 ||   343
Block: Kite shield       |    35 |    37 |       |       ||    72
       Tower shield      |       |    27 |   211 |   508 ||   746
       Reflection        |       |       |       |    35 ||    35
